 Dungeon Crawl Stone Soup version 0.28-a0-768-g8c92f1e708 (webtiles) character file.

Game seed: 8931072618536117354

73 Astera the Skirmisher (level 4, 0/37 HPs)
             Began as a Palentonga Fighter on Oct 31, 2021.
             Was a Believer of Uskayaw.
             Succumbed to an adder's poison
             ... on level 3 of the Dungeon.
             The game lasted 00:04:28 (2089 turns).

Astera the Skirmisher (Palentonga Fighter)          Turns: 2089, Time: 00:04:29

Health: 0/37       AC:  7    Str: 19    XL:     4   Next: 8%
Magic:  4/4        EV:  7    Int:  8    God:    Uskayaw [**....]
Gold:   57         SH:  4    Dex: 11    Spells: 3/3 levels left

rFire   . . .      SeeInvis +   a - +0 war axe
rCold   . . .      Faith    .   c - +0 buckler
rNeg    . . .      Spirit   .   b - +0 scale mail
rPois   .          Reflect  .   (no helmet)
rElec   .          Harm     .   f - scarf {shadows}
rCorr   .          Rampage  .   e - +0 pair of gloves
Will    .....                   (no barding)
Stlth   ..........              (no amulet)
HPRegen 0.12/turn               (no ring)
MPRegen 0.09/turn               (no ring)

@: lethally poisoned (0 -> -1)
A: large, rugged brown scales 3, see invisible, deformed body, roll 1, armoured
tail
a: Rolling Charge, Renounce Religion, Stomp, Line Pass


You were on level 3 of the Dungeon.
You worshipped Uskayaw.
Uskayaw was noncommittal.
You visited 1 branch of the dungeon, and saw 3 of its levels.

You collected 57 gold pieces.

Inventory:

Hand Weapons
 a - a +0 war axe (weapon)
Armour
 b - a +0 scale mail (worn)
 c - a +0 buckler (worn)
 e - a +0 pair of gloves (worn)
 f - a scarf of shadows (worn)
Jewellery
 k - a ring of poison resistance
Scrolls
 g - a scroll of magic mapping {unknown}
Potions
 d - a potion of might
 h - a potion of attraction {unknown}
 i - a potion of brilliance {unknown}
 j - a potion of degeneration {unknown}


   Skills:
 + Level 3.5 Fighting
 + Level 2.8 Axes
 + Level 3.0 Armour
 + Level 2.7 Shields


You had 3 spell levels left.
You didn't know any spells.
Your spell library contained the following spells:

 Spells                   Type           Power      Damage    Failure   Level
 Ensorcelled Hibernation  Hex/Ice        0%         N/A       89%         2
 Spider Form              Tmut/Pois      0%         N/A       98%         3


Dungeon Overview and Level Annotations

Branches:
Dungeon (3/15)

Altars:
Uskayaw


Innate Abilities, Weirdness & Mutations

You are completely covered in rugged brown scales. (AC +3, +7% HP)
You have supernaturally acute eyesight. (SInv)
Armour fits poorly on your strangely shaped body.
You can roll at nearby foes to attack.
You have a long armoured tail.


Message History

The adder bites you.
A phantom comes into view.
The adder bites you. The adder bites you. The adder closely misses you.
You closely miss the adder. The adder bites you.
The adder bites you but does no damage.
You miss the adder.
The adder bites you but does no damage. x2
You hit the adder but do no damage.
Your tail-slap misses the adder.
The adder bites you but does no damage. x2
You barely miss the adder. You tail-slap the adder!
The adder is almost dead.
The adder bites you.
You are poisoned.
The adder poisons you!
You slash the adder!
You kill the adder!
You feel sick. You block the phantom's attack.
You can now pass through a line of other dancers.
You have reached level 4!
You feel agile.
You slash the phantom!
The phantom is moderately damaged.
You feel sick. The phantom hits you.
The phantom blinks!
You blink.
You barely miss the phantom.
Your tail-slap misses the phantom.
The phantom is moderately damaged.
You feel sick. The phantom hits you.
* * * LOW HITPOINT WARNING * * *
The phantom blinks!
You blink.
You closely miss the phantom.
The phantom is moderately damaged.
You feel sick.
The phantom hits you but does no damage.
The phantom hits you!
* * * LOW HITPOINT WARNING * * *
Press: ? - help, v - describe, . - travel
Here: a phantom (moderately damaged)
The floor.
Unknown command.
You die...

#....#.#.#..# ####..#.#...#
#........##### ##.#...##....#
#.#....#.##.# .. #.####.#.##.##
.... #.#.#.....#.>.
...#.###+#########.#.#..######.
..............@.W..............
#.........#######§############
+.........# #.# .#...>.....#
#.# .........†(# #..
#.........# ### #.[.......#
#.........# #.........#


You could see a phantom.

Vanquished Creatures
  2 adders
  A worm (D:1)
  2 dart slugs (D:1)
  8 bats
  6 endoplasms
  A giant cockroach (D:1)
  2 goblins
  4 hobgoblins
  3 kobolds (D:1)
  4 quokkas
  5 ball pythons
  2 frilled lizards (D:1)
  5 rats
45 creatures vanquished.

Notes
Turn   | Place    | Note
-------+----------+-------------------------------------------
     0 | D:1      | Astera the Palentonga Fighter began the quest for the Orb.
     0 | D:1      | Reached XP level 1. HP: 19/19 MP: 1/1
    98 | D:1      | Reached XP level 2. HP: 23/25 MP: 2/2
   726 | D:1      | Reached XP level 3. HP: 31/31 MP: 3/3
  2019 | D:3      | Found a faded altar of an unknown god.
  2021 | D:3      | Prayed at the altar of an unknown god.
  2021 | D:3      | Became a worshipper of Uskayaw the Reveller
  2021 | D:3      | Reached * piety under Uskayaw
  2071 | D:3      | Noticed a phantom
  2085 | D:3      | Reached ** piety under Uskayaw
  2086 | D:3      | Reached XP level 4. HP: 19/37 MP: 4/4
  2088 | D:3      | HP: 1/37 [phantom (8)]
  2089 | D:3      | Succumbed to an adder's poison

Illustrated notes

Levels and vault maps discovered:
D:1:      dpeg_arrival_court, layout_basic, st_stairs_11,
          minmay_misc_feat_diagonals
D:2:      layout_basic
D:3:      layout_basic, chequers_ecumenical_altar_simple_redux, minmay_distorted

Skill      XL: |  1  2  3 |
---------------+----------+-----
Armour         | 3 |  3.0
Fighting       | |  3.5
Axes           | |  2.8
Shields        | |  2.7

Action                   |  1- 3 |  4- 6 || total
-------------------------+-------+-------++-------
Melee: War axe           |   106 |     3 ||   109
       Tailslap          |    11 |       ||    11
 Abil: Rolling Charge    |    27 |       ||    27
Armor: Scale mail        |    53 |     1 ||    54
Dodge: Dodged            |    38 |       ||    38
Block: Buckler           |    11 |       ||    11

Table legend: (Time is in decaauts)
 A = Elapsed time spent in this place.
 B = Non-inter-level travel time spent in this place.
 C = Inter-level travel time spent in this place.
 D = Time resting spent in this place.
 E = Time spent auto-exploring this place.
 F = Levels seen in this place.
 G = Mean time per level.
                   A        B        C        D        E       F      G
               +--------+--------+--------+--------+--------+-----+--------+
         Total |   2132 |   2040 |     92 |     26 |   1694 |   3 |  710.7 |
       Dungeon |   2132 |   2040 |     92 |     26 |   1694 |   3 |  710.7 |
               +--------+--------+--------+--------+--------+-----+--------+

Top non-repeatable levels by time:
     D:1: 1408 daAuts
     D:2: 603 daAuts
     D:3: 119 daAuts
